 Dungeon Crawl Stone Soup version 0.28.0 (webtiles) character file.

Game seed: 14350159559090897424

56 cbfl8 the Sneak (level 3, -3/33 HPs)
             Began as a Minotaur Delver on Feb 11, 2022.
             Slain by an orc (5 damage)
             ... on level 5 of the Dungeon.
             The game lasted 00:00:50 (478 turns).

cbfl8 the Sneak (Minotaur Delver)                    Turns: 478, Time: 00:00:51

Health: -3/33      AC:  3    Str: 18    XL:     3   Next: 69%
Magic:  2/2        EV: 12    Int:  7    God:
Gold:   0          SH:  0    Dex: 11    Spells: 2/2 levels left

rFire   . . .      SeeInvis .   a - +0 hand axe
rCold   . . .      Faith    .   (no shield)
rNeg    . . .      Spirit   .   b - +0 leather armour
rPois   .          Reflect  .   (helmet restricted)
rElec   .          Harm     .   (no cloak)
rCorr   .          Rampage  .   (no gloves)
Will    .....                   (no boots)
Stlth   ++........              (no amulet)
HPRegen 0.11/turn               (no ring)
MPRegen 0.08/turn               (no ring)

@: no status effects
A: horns 2, retaliatory headbutt
a: no special abilities


You were on level 5 of the Dungeon.
You visited 1 branch of the dungeon, and saw 1 of its levels.

Inventory:

Hand Weapons
 a - a +0 hand axe (weapon)
Armour
 b - a +0 leather armour (worn)
Wands
 g - a wand of digging (3)
Scrolls
 c - 2 scrolls of fog
 d - a scroll of magic mapping
 e - a scroll of fear
 h - a scroll of teleportation {unknown}
 i - a scroll of noise {unknown}
Potions
 f - a potion of haste


   Skills:
 + Level 4.0 Fighting
 + Level 2.7 Axes
 + Level 0.3 Armour
 + Level 2.3 Dodging
 + Level 4.9 Stealth


You had 2 spell levels left.
You didn't know any spells.
Your spell library was empty.

Dungeon Overview and Level Annotations

Branches:
Dungeon (5/15)
 Temple: D:4-7

Altars:


Innate Abilities, Weirdness & Mutations

You have a pair of horns on your head.
You reflexively headbutt those who attack you in melee.


Message History

You miss something. Something hits you.
You hear some strange, mumbled words.
You are confused.
You bump into the rock wall.
Something hits you.
You bump into the rock wall.
You hear some strange, mumbled words.
A magic dart appears from out of thin air!
The magic dart hits you.
You bump into the rock wall.
You hear some strange, mumbled words.
A magic dart appears from out of thin air!
The magic dart hits you!
You completely miss something. Something hits you.
You hear some strange, mumbled words.
You are more confused.
You bump into the rock wall.
You miss something. Something hits you but does no damage.
You bump into the rock wall.
Something hits you.
You're too confused to move!
Something hits you.
You bump into the rock wall.
Something hits you but does no damage.
You bump into the rock wall.
Something hits you.
You barely miss something.
You feel less confused.
You hear some strange, mumbled words.
Something tries to affect you, but you resist.
You miss something. Something barely misses you.
You barely miss something. Something hits you but does no damage.
Something hits you.
* * * LOW HITPOINT WARNING * * *
You barely miss something. You headbutt something. Something hits you.
* * * LOW HITPOINT WARNING * * *
You miss something. Something hits you.
* * * LOW HITPOINT WARNING * * *
You hit something. You headbutt something.
Reactivating autopickup.
You feel a bit more experienced. The orc hits you with a +0 short sword.
* * * LOW HITPOINT WARNING * * *
Your Fighting skill increases to level 4!
You closely miss the orc. The orc hits you with a +0 short sword.
You die...

#.#.#..........
#.....o........
#######.#..........
...................
#######.#.#.#######
#.#.#.# #o#.#.#
#o#.#.#
##############@#)#.##
#..>...........#....#
#.#####.............#
#.# #.#########...#
#.# #.# #...# #.# #.#
#...# #.# #.# #...#
#.# #.# ##.## #.# #.#
#.#


You could see 2 orcs.

Vanquished Creatures
  A jelly (D:5)
  An orc wizard (D:5)
  An orc (D:5)
3 creatures vanquished.

Notes
Turn   | Place    | Note
-------+----------+-------------------------------------------
     0 | D:5      | cbfl8 the Minotaur Delver began the quest for the Orb.
     0 | D:5      | Reached XP level 1. HP: 19/19 MP: 0/0
   111 | D:5      | Noticed a jelly
   201 | D:5      | Killed a jelly
   202 | D:5      | Reached XP level 2. HP: 7/27 MP: 1/1
   202 | D:5      | Reached XP level 3. HP: 8/33 MP: 2/2
   478 | D:5      | Slain by an orc

Illustrated notes

Levels and vault maps discovered:
D:5:      layout_basic, mainiacjoe_overflow_24_doors, sigmund_edmund_badplayer

Skill      XL: |  1  2  3 |
---------------+----------+-----
Fighting       | 4 |  4.0
Axes           | |  2.7
Armour         | |  0.3
Dodging        | |  2.3
Stealth        | |  4.9

Action                   || total
-------------------------++-------
Melee: Hand axe          ||    22
       Headbutt          ||     5
Armor: Leather armour    ||     6
Dodge: Dodged            ||     7
